[Event "*** SCC Grand Prix: Titled Tuesday Blitz"]
[Site "Chess.com"]
[Date "2020.07.14"]
[Round "3"]
[White "Love_craft"]
[Black "DenisQ"]
[Result "1/2-1/2"]
[WhiteElo "2469"]
[BlackElo "2642"]
[TimeControl "180+1"]
[EndTime "10:23:17 PDT"]
[Termination "Game drawn by agreement"]

1. d4 d5 2. c4 c6 3. Nd2 Nf6 4. Ngf3 Bf5 5. g3 e6 6. Bg2 h6 7. O-O Nbd7 8. b3 Bd6 9. Bb2 O-O 10. Rc1 Qe7 11. Ne5 Ba3 12. Nxd7 Nxd7 13. Bxa3 Qxa3 14.
Ra1 Rfd8 15. Qc1 1/2-1/2

[Event "*** SCC Grand Prix: Titled Tuesday Blitz"]
[Site "Chess.com"]
[Date "2020.07.14"]
[Round "3"]
[White "wonderfultime"]
[Black "temus_galaktionov"]
[Result "1-0"]
[WhiteElo "2963"]
[BlackElo "2665"]
[TimeControl "180+1"]
[EndTime "10:23:30 PDT"]
[Termination "wonderfultime won by resignation"]

1. d4 c6 2. Nf3 g6 3. e4 d6 4.
Nc3 Bg7 5. Bc4 Nd7 6. O-O e5 7. dxe5 dxe5 8. Bg5 Ngf6 9. Qd6 h6 10. Nxe5 Nxe5 11. Qxe5+ Kf8 12. Rad1 Qe8 13. Bxf6 Qxe5 14. Rd8+ Qe8 15. Rxe8+ 1-0

[Event "*** SCC Grand Prix: Titled Tuesday Blitz"]
[Site "Chess.com"]
[Date "2020.07.14"]
[Round "3"]
[White "kidagent"]
[Black "AldokhinIvan"]
[Result "0-1"]
[WhiteElo "2220"]
[BlackElo "2570"]
[TimeControl "180+1"]
[EndTime "10:23:52 PDT"]
[Termination "AldokhinIvan won by resignation"]

1. e4 c5 2. Nf3 e6 3. d4 cxd4 4.
Nxd4 a6 5. Nc3 Qc7 6. g3 Nf6 7.
Bg2 Be7 8. O-O O-O 9. h3 d6 10. Be3 Nc6 11. Nde2 b5 12. a3 Bb7 13.
f4 Na5 14. b3 Rfd8 15. Qd4 Nd7 16. Rac1 Rac8 17. g4 Bf6 18. Qd3 Bxc3 19. Nxc3 Qxc3 0-1

[Event "*** SCC Grand Prix: Titled Tuesday Blitz"]
[Site "Chess.com"]
[Date "2020.07.14"]
[Round "3"]
[White "serhanberat_ozdemir"]
[Black "esrosenberg"]
[Result "0-1"]
[WhiteElo "2429"]
[BlackElo "2220"]
[TimeControl "180+1"]
[EndTime "10:24:04 PDT"]
[Termination "esrosenberg won by checkmate"]

1. e4 e5 2. Nf3 Nc6 3. d4 exd4 4. Bc4 Nf6 5. e5 d5 6. Bb5 Ne4 7. Nxd4 Bc5 8. O-O O-O 9. Bxc6 bxc6 10. Be3 Ba6 11.
Re1 Qh4 12. f3 Ng5 13. f4 Bxd4 14. Qxd4 Qxe1# 0-1

[Event "*** SCC Grand Prix: Titled Tuesday Blitz"]
[Site "Chess.com"]
[Date "2020.07.14"]
[Round "3"]
[White "GMNickPert"]
[Black "Fandorine"]
[Result "1/2-1/2"]
[WhiteElo "2673"]
[BlackElo "2950"]
[TimeControl "180+1"]
[EndTime "10:24:06 PDT"]
[Termination "Game drawn by agreement"]

1. d4 Nf6 2. Nf3 g6 3. g3 Bg7 4. Bg2 O-O 5. O-O d5 6. c4 c6 7. cxd5 cxd5 8. Nc3 e6 9. Bf4 Nc6 10. Rc1 Bd7 11. Ne5 Nxe5 12. Bxe5 Bc6 13. Qb3 Ne8 14. Bxg7 Kxg7 15. e3 Nd6 16. Rfd1 Qa5 17. a3 Rfc8 18. Qa2 Qd8 19. b3 a5 20. a4 Qb6 21. Bf1 Rc7 22. Qa3 Bd7 23. Na2 Rac8 24. Rxc7 Rxc7 25. Rc1 Rxc1 26. Nxc1 Qc7 27. Nd3 b6 28. Qc1 Qxc1 29.
Nxc1 1/2-1/2

[Event "*** SCC Grand Prix: Titled Tuesday Blitz"]
[Site "Chess.com"]
[Date "2020.07.14"]
[Round "3"]
[White "pedro_nascimento85"]
[Black "alexrustemov"]
[Result "0-1"]
[WhiteElo "1947"]
[BlackElo "2705"]
[TimeControl "180+1"]
[EndTime "10:24:10 PDT"]
[Termination "alexrustemov won by resignation"]

1. d4 f5 2. g3 Nf6 3. Bg2 d6 4. c4 g6 5. Nc3 Bg7 6. Nh3 O-O 7. O-O c6 8. d5 e5 9. dxe6 Bxe6 10. Qb3 Qe7 11. Nf4 Bf7 12. Re1 Na6 13. e4 Nc5 0-1

[Event "*** SCC Grand Prix: Titled Tuesday Blitz"]
[Site "Chess.com"]
[Date "2020.07.14"]
[Round "3"]
[White "vesalhamedinia"]
[Black "PlotnikovPavel"]
[Result "0-1"]
[WhiteElo "2216"]
[BlackElo "2473"]
[TimeControl "180+1"]
[EndTime "10:24:12 PDT"]
[Termination "PlotnikovPavel won by resignation"]

1. d4 e6 2. c4 f5 3. Nc3 Nf6 4.
Nf3 Bb4 5. e3 O-O 6. Be2 b6 7. O-O Bb7 8. Bd2 Bxc3 9. Bxc3 Ne4 10.
Bb4 c5 11. dxc5 bxc5 12. Ba3 Qe7 13. Qc2 Nc6 14. Rfd1 a5 15. Qa4 Rfd8 16. Nd2 Nb4 17.
Bf3 Bc6 18. Qb3 a4 0-1

[Event "*** SCC Grand Prix: Titled Tuesday Blitz"]
[Site "Chess.com"]
[Date "2020.07.14"]
[Round "3"]
[White "Roza_Idrisova"]
[Black "NefeLV"]
[Result "1-0"]
[WhiteElo "2240"]
[BlackElo "1827"]
[TimeControl "180+1"]
[EndTime "10:24:17 PDT"]
[Termination "Roza_Idrisova won by resignation"]

1. d4 d5 2. Nf3 Nf6 3. Bg5 h6 4.
Bf4 g5 5. Bd2 Bg7 6. e3 Bf5 7. Bd3 Bg6 8. Ne5 Bxd3 9. cxd3 Nbd7 10. Nc3 c5 11. Nxd7 Qxd7 12. dxc5 d4 13. exd4 Qxd4 14. Be3 Qh4 15. h3 O-O 16. Qe2 Rfd8 17. Rd1 Rac8 18. a3 Nd7 19. g3 1-0

[Event "*** SCC Grand Prix: Titled Tuesday Blitz"]
[Site "Chess.com"]
[Date "2020.07.14"]
[Round "3"]
[White "KratosKrieg"]
[Black "RusPakhom"]
[Result "0-1"]
[WhiteElo "1963"]
[BlackElo "2268"]
[TimeControl "180+1"]
[EndTime "10:24:18 PDT"]
[Termination "RusPakhom won by resignation"]

1. e4 c5 2. Nf3 g6 3. c3 Bg7 4. d4 cxd4 5. cxd4 d5 6. e5 Nc6 7.
Nc3 Bg4 8. Be2 e6 9. h3 Bxf3 10. Bxf3 Nge7 11. Bg5 O-O 12. Qd2 Qb6 13.
O-O Nf5 14. Bxd5 exd5 15. Nxd5 Qxd4 16. Qxd4 Ncxd4 17. g4 Nf3+ 0-1

[Event "*** SCC Grand Prix: Titled Tuesday Blitz"]
[Site "Chess.com"]
[Date "2020.07.14"]
[Round "3"]
[White "NMZanette"]
[Black "KingCrusher275"]
[Result "0-1"]
[WhiteElo "2127"]
[BlackElo "2370"]
[TimeControl "180+1"]
[EndTime "10:24:29 PDT"]
[Termination "KingCrusher275 won by resignation"]

1. e4 c5 2. Nf3 e6 3. c3 d5 4. exd5 exd5 5. d4 Nc6 6. Bb5 Bd6 7. dxc5 Bxc5 8. O-O Ne7 9. h3 O-O 10. Nbd2 Bf5 11. Nb3 Bd6 12. Bd3 Bc7 13. Bxf5 Nxf5 14. Qd3 g6 15. Bg5 Qd6 16. Rad1 h6 17. Be3 Nh4 18. g3 Nxf3+ 19. Kg2 Nfe5 0-1

[Event "*** SCC Grand Prix: Titled Tuesday Blitz"]
[Site "Chess.com"]
[Date "2020.07.14"]
[Round "3"]
[White "ferdipy"]
[Black "enzovsky"]
[Result "0-1"]
[WhiteElo "2331"]
[BlackElo "2520"]
[TimeControl "180+1"]
[EndTime "10:24:32 PDT"]
[Termination "enzovsky won by resignation"]

1. e4 c5 2. d4 cxd4 3. c3 Nf6 4. e5 Nd5 5. cxd4 e6 6. Nf3 d6 7. a3 Bd7 8. Bd3 Bc6 9. O-O Nd7 10. Qe2 Be7 11. Bd2 Rc8 12. Nc3 Nxc3 13. Bxc3 O-O 14. Rfd1 Nb6 15. Rac1 Nd5 16. Bd2 dxe5 17. dxe5 a6 18.
b4 Qd7 19. Bb1 Rfd8 20. Ng5 Bxg5 21. Bxg5 Nc3 22. Qc2 Qxd1+ 23. Rxd1 Rxd1+ 24. Qxd1 Nxd1 25. Bd2 Rd8 0-1

[Event "*** SCC Grand Prix: Titled Tuesday Blitz"]
[Site "Chess.com"]
[Date "2020.07.14"]
[Round "3"]
[White "Timerkhanov"]
[Black "colegiodemadrid"]
[Result "1-0"]
[WhiteElo "2614"]
[BlackElo "2401"]
[TimeControl "180+1"]
[EndTime "10:24:33 PDT"]
[Termination "Timerkhanov won by resignation"]

1. d4 Nf6 2. Bg5 e6 3. Nd2 h6 4. Bh4 d5 5. e3 Be7 6. Bd3 O-O 7.
Bxf6 Bxf6 8. f4 b6 9. Qe2 a5 10.
Ngf3 Ba6 11. h4 Bxd3 12. Qxd3 h5 13. Ng5 g6 14. O-O-O Kg7 15. Rdg1 Rh8 16. g4 hxg4 17. Rxg4 Rh5 18. Nxe6+ fxe6 19. Qxg6+ Kf8 20. Qxh5 Ke7 21. Nf3 Kd6 22. Qf7 Nc6 23. Rg6 1-0

[Event "*** SCC Grand Prix: Titled Tuesday Blitz"]
[Site "Chess.com"]
[Date "2020.07.14"]
[Round "3"]
[White "OhanyanEminChess"]
[Black "Pintacara"]
[Result "0-1"]
[WhiteElo "2492"]
[BlackElo "2327"]
[TimeControl "180+1"]
[EndTime "10:24:36 PDT"]
[Termination "Pintacara won by resignation"]

1. e4 c5 2. Nf3 e6 3. d4 cxd4 4.
Nxd4 a6 5. Nc3 Qc7 6. Be3 Bb4 7.
Ne2 Nf6 8. a3 Be7 9. f3 d6 10.
Qd2 h5 11. O-O-O Nbd7 12. Bf4 Ne5 13. Nd4 Bd7 14. Nb3 b5 15. Kb1 Rb8 16. Bd3 Nc4 17.
Qe1 a5 18. Nd2 Nxa3+ 19. bxa3 Qxc3 20. Nb3 Qxe1 21. Rhxe1 a4 22. Nc1 b4 23. axb4 Rxb4+ 24.
Ka2 O-O 25. Ka3 Rfb8 26. Na2 Rb2 27. Nc3 d5+ 0-1

[Event "*** SCC Grand Prix: Titled Tuesday Blitz"]
[Site "Chess.com"]
[Date "2020.07.14"]
[Round "3"]
[White "QueenOfTactics90"]
[Black "Fortitudine"]
[Result "1/2-1/2"]
[WhiteElo "2004"]
[BlackElo "2276"]
[TimeControl "180+1"]
[EndTime "10:24:40 PDT"]
[Termination "Game drawn by repetition"]

1. e4 c5 2. Nf3 d6 3. d4 cxd4 4. Nxd4 Nf6 5. f3 e5 6. Nb3 a5 7.
a4 Be7 8. c4 O-O 9. Be3 Nc6 10.
Nc3 Be6 11. Rc1 Nb4 12. Be2 Rc8 13. Nb5 Na2 14. Rc2 Nb4 15. Rc3 Na2 16. Rc2 Nb4 17.
Rc3 Na2 18. Rc2 1/2-1/2

[Event "*** SCC Grand Prix: Titled Tuesday Blitz"]
[Site "Chess.com"]
[Date "2020.07.14"]
[Round "3"]
[White "Zq1"]
[Black "diamonds13"]
[Result "1-0"]
[WhiteElo "2484"]
[BlackElo "2234"]
[TimeControl "180+1"]
[EndTime "10:24:46 PDT"]
[Termination "Zq1 won by resignation"]

1. d4 Nf6 2. c4 e6 3. Nc3 Bb4 4. e3 O-O 5. Bd3 d5 6. cxd5 exd5 7. Ne2 c6 8. O-O Bg4 9. f3 Bh5 10. Nf4 Bg6 11. Nxg6 hxg6 12. a3 Bd6 13. e4 dxe4 14. fxe4 Bc7 15. Be3 Re8 16. e5 Nd5 17. Qf3 Nxe3 18.
Qxf7+ Kh8 19. Qxg6 Nf5 20. Bxf5 Qxd4+ 21. Kh1 1-0

[Event "*** SCC Grand Prix: Titled Tuesday Blitz"]
[Site "Chess.com"]
[Date "2020.07.14"]
[Round "3"]
[White "Gerodot71"]
[Black "platy3"]
[Result "0-1"]
[WhiteElo "2432"]
[BlackElo "2762"]
[TimeControl "180+1"]
[EndTime "10:24:51 PDT"]
[Termination "platy3 won by resignation"]

1. d4 Nf6 2. c4 e6 3. Nf3 d5 4. g3 Be7 5. Bg2 O-O 6. O-O dxc4 7. Qc2 a6 8. a4 Bd7 9. Qxc4 Bc6 10. Bf4 Bd6 11. Qc1 a5 12. Nc3 Na6 13. Re1 Nb4 14. Qd2 Bxf4 15. Qxf4 Nc2 16. Qd2 Nxa1 17. Rxa1 Bxf3 18. Bxf3 c6 19. e3 e5 20. Rd1 exd4 21. exd4 Qb6 22. Qc2 Rad8 23. d5 cxd5 24. Nxd5 Nxd5 25.
Bxd5 Rd7 26. Qf5 Rfd8 27. Kg2 g6 28. Qg5 Kg7 0-1

[Event "*** SCC Grand Prix: Titled Tuesday Blitz"]
[Site "Chess.com"]
[Date "2020.07.14"]
[Round "3"]
[White "BabyBoss31"]
[Black "Savva09022009"]
[Result "0-1"]
[WhiteElo "2203"]
[BlackElo "2443"]
[TimeControl "180+1"]
[EndTime "10:24:53 PDT"]
[Termination "Savva09022009 won by resignation"]

1. d4 Nf6 2. c4 e6 3. Nf3 d5 4. g3 dxc4 5. Qc2 b5 6. a4 c6 7. axb5 cxb5 8. Bg2 Bb7 9. Nc3 a6 10. O-O Be7 11. Re1 O-O 12. e4 Nc6 13. Be3 Nb4 14. Qb1 Nd3 15. e5 Nxe1 16. Nxe1 Nd5 0-1

[Event "*** SCC Grand Prix: Titled Tuesday Blitz"]
[Site "Chess.com"]
[Date "2020.07.14"]
[Round "3"]
[White "juniortay"]
[Black "picturesquecheck"]
[Result "0-1"]
[WhiteElo "2396"]
[BlackElo "2232"]
[TimeControl "180+1"]
[EndTime "10:25:01 PDT"]
[Termination "picturesquecheck won by resignation"]

1. e4 c5 2. Nf3 Nc6 3. b4 cxb4 4. d4 d5 5. exd5 Qxd5 6. c4 bxc3 7. Nxc3 Qa5 8. d5 Qxc3+ 9. Bd2 Qf6 10. dxc6 bxc6 11. Be2 e5 12. O-O h6 13. Rc1 Bd7 14. Ba6 Ba3 15. Nxe5 Rd8 16. Re1 Ne7 17. Rc3 Bd6 18.
Rf3 Bxe5 19. Rxe5 Qxe5 0-1

[Event "*** SCC Grand Prix: Titled Tuesday Blitz"]
[Site "Chess.com"]
[Date "2020.07.14"]
[Round "3"]
[White "kobemagic"]
[Black "dodorox"]
[Result "0-1"]
[WhiteElo "2334"]
[BlackElo "2135"]
[TimeControl "180+1"]
[EndTime "10:25:02 PDT"]
[Termination "dodorox won by resignation"]

1. Nf3 d5 2. g3 Nf6 3. Bg2 e6 4. b3 c5 5. Bb2 Nc6 6. O-O Be7 7. e3 O-O 8. d4 b6 9. c4 cxd4 10. cxd5 Nxd5 11. Nxd4 Nxd4 12. Bxd4 Bb7 13. Qg4 Nf6 14.
Bxf6 Bxf6 15. Bxb7 Rb8 16. Nc3 Bxc3 17. Rac1 Bd2 18.
Rc4 Rxb7 19. Rd4 Rd7 0-1

[Event "*** SCC Grand Prix: Titled Tuesday Blitz"]
[Site "Chess.com"]
[Date "2020.07.14"]
[Round "3"]
[White "pfalcon1949"]
[Black "DanielTitichoca"]
[Result "0-1"]
[WhiteElo "2075"]
[BlackElo "2336"]
[TimeControl "180+1"]
[EndTime "10:25:08 PDT"]
[Termination "DanielTitichoca won by resignation"]

1. d4 Nf6 2. c4 e6 3. Nc3 Bb4 4.
Qc2 O-O 5. e4 c5 6. d5 exd5 7.
exd5 Re8+ 8. Ne2 d6 9. h3 Ne4 10. Be3 Bf5 11. Qb3 Qh4 12. a3 Bxc3+ 13. Nxc3 Nxf2 14. Qxb7 Rxe3+ 15. Kd2 Qd4+ 0-1

[Event "*** SCC Grand Prix: Titled Tuesday Blitz"]
[Site "Chess.com"]
[Date "2020.07.14"]
[Round "3"]
[White "onnoelgersma"]
[Black "crazyboy26"]
[Result "0-1"]
[WhiteElo "2423"]
[BlackElo "2713"]
[TimeControl "180+1"]
[EndTime "10:25:14 PDT"]
[Termination "crazyboy26 won by resignation"]

1. e4 g6 2. d4 Bg7 3. Nf3 d6 4.
Bc4 Nc6 5. h3 Nf6 6. Qe2 e5 7.
dxe5 dxe5 8. O-O O-O 9. Rd1 Nd4 10. Nxd4 exd4 11. c3 Re8 12. Rxd4 Qe7 13. Bg5 h6 14. Bxf6 Bxf6 15. Rd1 Qxe4 16. Qxe4 Rxe4 17. Nd2 Re8 18. Re1 Bf5 19. g4 Bd7 20. Ne4 Be7 21.
Rad1 Rad8 22. Bd5 Bc8 23. Kg2 Kg7 24. Ng3 Bd6 25. Ne4 Bf8 26. Ng3 Rxe1 0-1

[Event "*** SCC Grand Prix: Titled Tuesday Blitz"]
[Site "Chess.com"]
[Date "2020.07.14"]
[Round "3"]
[White "Sanan_Sjugirov"]
[Black "GiantThresher"]
[Result "1-0"]
[WhiteElo "2979"]
[BlackElo "2629"]
[TimeControl "180+1"]
[EndTime "10:25:16 PDT"]
[Termination "Sanan_Sjugirov won by resignation"]

1. d4 Nf6 2. c4 e6 3. Nf3 d5 4. Nc3 dxc4 5. e4 Bb4 6. Bg5 c5 7. Bxc4 cxd4 8. Nxd4 Bxc3+ 9. bxc3 Qa5 10. Bxf6 Qxc3+ 11. Kf1 gxf6 12. Rc1 Qa5 13. g3 Bd7 14. Kg2 Nc6 15. Nb5 Ne5 16. Qd6 Bxb5 17. Bxb5+ Qxb5 18. Rc7 Qd7 19. Rxd7 Nxd7 20. Rc1 1-0

[Event "*** SCC Grand Prix: Titled Tuesday Blitz"]
[Site "Chess.com"]
[Date "2020.07.14"]
[Round "3"]
[White "Agent-JL"]
[Black "AlexOstrovskiy"]
[Result "0-1"]
[WhiteElo "2403"]
[BlackElo "2625"]
[TimeControl "180+1"]
[EndTime "10:25:16 PDT"]
[Termination "AlexOstrovskiy won by resignation"]

1. d4 e6 2. c4 b6 3. Nf3 Bb7 4. Nc3 Bb4 5. Qc2 f5 6. a3 Bxc3+ 7. Qxc3 Nf6 8. Bg5 O-O 9. e3 d6 10. Be2 Nbd7 11. b4 a5 12. O-O Ne4 13. Bxd8 Nxc3 14. Bxc7 Nxe2+ 15. Kh1 Rfc8 16. Bxd6 Rxc4 17. Rfe1 Nc3 18.
Nd2 Rc6 19. Bg3 axb4 20. axb4 Rxa1 21. Rxa1 Ne2 22. Bh4 Rc1+ 0-1

[Event "*** SCC Grand Prix: Titled Tuesday Blitz"]
[Site "Chess.com"]
[Date "2020.07.14"]
[Round "3"]
[White "DariaVoit"]
[Black "quesfr"]
[Result "1-0"]
[WhiteElo "2468"]
[BlackElo "2207"]
[TimeControl "180+1"]
[EndTime "10:25:18 PDT"]
[Termination "DariaVoit won by resignation"]

1. d4 d5 2. Nf3 Nf6 3. c4 e6 4. g3 Be7 5. Bg2 O-O 6. O-O dxc4 7. Qc2 b5 8. a4 b4 9. Nfd2 Nd5 10.
Nxc4 c5 11. e4 Nb6 12. Rd1 Qc7 13. Bf4 Qb7 14. Nd6 Bxd6 15. Bxd6 Rd8 16. dxc5 Qc6 17. Bxb8 Rxd1+ 18. Qxd1 1-0

[Event "*** SCC Grand Prix: Titled Tuesday Blitz"]
[Site "Chess.com"]
[Date "2020.07.14"]
[Round "3"]
[White "Gandrade2"]
[Black "otrov-11"]
[Result "0-1"]
[WhiteElo "2115"]
[BlackElo "2367"]
[TimeControl "180+1"]
[EndTime "10:25:18 PDT"]
[Termination "otrov-11 won by resignation"]

1. d4 Nf6 2. c4 e5 3. dxe5 Ng4 4. Nf3 Nc6 5. Nc3 Ngxe5 6. e3 Bb4 7. Bd2 O-O 8. Be2 Re8 9. O-O a5 10. a3 Bf8 11.
Nd5 d6 12. Bc3 Be6 13. Rc1 a4 14. Qc2 g6 15. Rfd1 Bg7 16. Nf4 Bd7 17. Nd4 Qg5 18. Nh3 Bxh3 0-1

[Event "*** SCC Grand Prix: Titled Tuesday Blitz"]
[Site "Chess.com"]
[Date "2020.07.14"]
[Round "3"]
[White "ViktoriyaTarasova"]
[Black "Lector118"]
[Result "0-1"]
[WhiteElo "2230"]
[BlackElo "2483"]
[TimeControl "180+1"]
[EndTime "10:25:25 PDT"]
[Termination "Lector118 won by resignation"]

1. d4 d5 2. c4 dxc4 3. e4 b5 4.
a4 c6 5. b3 e5 6. axb5 cxb5 7.
d5 Nf6 8. f3 Nxe4 9. fxe4 Qh4+ 10. Kd2 Qxe4 11. Nf3 Bb4+ 12. Nc3 Qxd5+ 13. Kc2 Bf5+ 0-1

[Event "*** SCC Grand Prix: Titled Tuesday Blitz"]
[Site "Chess.com"]
[Date "2020.07.14"]
[Round "3"]
[White "SidArun"]
[Black "jens1102"]
[Result "0-1"]
[WhiteElo "2248"]
[BlackElo "2427"]
[TimeControl "180+1"]
[EndTime "10:25:31 PDT"]
[Termination "jens1102 won by resignation"]

1. d4 Nf6 2. Bg5 e6 3. e4 c5 4. d5 d6 5. Nc3 h6 6. Bxf6 Qxf6 7. Nf3 e5 8. h3 g6 9. a4 Bg7 10. Nb5 Na6 11. Na3 O-O 12. Bxa6 bxa6 13. Nc4 Bd7 14. Qe2 Rab8 15. b3 Rb4 16. Ne3 Rxe4 17. Qxa6 Rxe3+ 18. fxe3 e4 19. Ne5 Qh4+ 20. Ke2 Bxe5 21. Raf1 Qg5 22.
g4 h5 23. Rhg1 hxg4 24. Qxa7 Bf5 25. Rxf5 Qxf5 26. hxg4 Qf3+ 0-1

[Event "*** SCC Grand Prix: Titled Tuesday Blitz"]
[Site "Chess.com"]
[Date "2020.07.14"]
[Round "3"]
[White "ChessWarrior7197"]
[Black "Benjoneliere44"]
[Result "1-0"]
[WhiteElo "2861"]
[BlackElo "2607"]
[TimeControl "180+1"]
[EndTime "10:25:36 PDT"]
[Termination "ChessWarrior7197 won by resignation"]

1. e4 c5 2. Nf3 d6 3. d4 cxd4 4. Nxd4 Nf6 5. Nc3 g6 6. f3 Bg7 7. Be3 O-O 8. Qd2 Nc6 9. O-O-O d5 10. exd5 Nxd5 11. Nxc6 bxc6 12. Bd4 Bxd4 13. Qxd4 Qb6 14. Na4 Qa5 15. b3 Be6 16. Kb2 Rfd8 17. Qc5 Qc7 18. Bc4 Qe5+ 19. Qd4 Qc7 20. Nc5 Bf5 21. g4 Nb6 22.
Qc3 Rab8 23. gxf5 Rd6 24. fxg6 hxg6 25. Ka1 Rf6 26. Na6 Qf4 27. Nxb8 Qxb8 28. Rhe1 Qxh2 29. Rxe7 1-0

[Event "*** SCC Grand Prix: Titled Tuesday Blitz"]
[Site "Chess.com"]
[Date "2020.07.14"]
[Round "3"]
[White "fabianvivasz"]
[Black "TurboSteen"]
[Result "1-0"]
[WhiteElo "2256"]
[BlackElo "1935"]
[TimeControl "180+1"]
[EndTime "10:25:48 PDT"]
[Termination "fabianvivasz won by checkmate"]

1. e4 e6 2. d4 d5 3. Nd2 Nf6 4. e5 Nfd7 5. Ngf3 c5 6. c3 Nc6 7. Bd3 cxd4 8. cxd4 f6 9. exf6 Nxf6 10. O-O Bd6 11.
b3 O-O 12. Bb2 Bd7 13. Ne5 Qe8 14. Re1 Rc8 15. Rc1 Bb8 16. Bb1 Nxe5 17. Rxc8 Bxc8 18.
dxe5 Nd7 19. Qg4 Nc5 20. Re3 a5 21. Rh3 g6 22. Nf3 Ba7 23. Bd4 Qc6 24. Rxh7 Ne4 25. Qxg6# 1-0

[Event "*** SCC Grand Prix: Titled Tuesday Blitz"]
[Site "Chess.com"]
[Date "2020.07.14"]
[Round "3"]
[White "GHANDEEVAM2003"]
[Black "r31415"]
[Result "1-0"]
[WhiteElo "3014"]
[BlackElo "2445"]
[TimeControl "180+1"]
[EndTime "10:25:53 PDT"]
[Termination "GHANDEEVAM2003 won by resignation"]

1. c4 d6 2. Nc3 f5 3. e4 Nf6 4. Bd3 f4 5. Bc2 e5 6. d4 Nbd7 7. Nf3 Be7 8. Ng5 Nf8 9. c5 h6 10. Nf3 N8d7 11. cxd6 cxd6 12. Bb3 g5 13. dxe5 dxe5 14.
Nd5 Nxd5 15. Qxd5 Bb4+ 16. Bd2 Bxd2+ 17. Nxd2 Qe7 18. Nc4 Nf6 19. Qxe5 Qxe5 20. Nxe5 Nxe4 21. Ba4+ Kf8 22. Ng6+ Kg7 23. Nxh8 Kxh8 24. f3 Nc5 25.
Bc2 Bd7 26. O-O-O Bc6 27. Rd6 Kg7 28. Rg6+ 1-0

[Event "*** SCC Grand Prix: Titled Tuesday Blitz"]
[Site "Chess.com"]
[Date "2020.07.14"]
[Round "3"]
[White "Malysch"]
[Black "AlanZhang"]
[Result "0-1"]
[WhiteElo "2454"]
[BlackElo "2231"]
[TimeControl "180+1"]
[EndTime "10:25:55 PDT"]
[Termination "AlanZhang won by resignation"]

1. d4 Nf6 2. c4 e6 3. g3 d5 4. Bg2 dxc4 5. Nf3 c6 6. Ne5 b5 7. a4 Nd5 8. O-O Bb7 9. Nc3 a6 10. e4 Nxc3 11. bxc3 Be7 12. Qg4 O-O 13. Bh6 Bf6 14.
Rfb1 Kh8 15. Be3 Bxe5 16. dxe5 Nd7 17. f4 Qe7 18. Rd1 Nc5 19. Rd5 cxd5 0-1

[Event "*** SCC Grand Prix: Titled Tuesday Blitz"]
[Site "Chess.com"]
[Date "2020.07.14"]
[Round "3"]
[White "Zablotsky"]
[Black "Angel_Hranitel_37"]
[Result "1/2-1/2"]
[WhiteElo "2580"]
[BlackElo "2406"]
[TimeControl "180+1"]
[EndTime "10:26:02 PDT"]
[Termination "Game drawn by agreement"]

1. d4 Nf6 2. f3 d5 3. g4 c5 4. g5 Nfd7 5. e4 dxe4 6. fxe4 cxd4 7. Qxd4 Nc6 8. Qd3 Nc5 9. Qxd8+ Kxd8 10. Bg2 e5 11. Ne2 Be6 12. c3 Nd3+ 13. Kd2 Nxc1 14.
Kxc1 Be7 15. Kc2 Bxg5 16. h4 Bh6 17. Bh3 Bxh3 18. Rxh3 Rc8 19. Nd2 Ke7 20. Nc4 b5 21. Ne3 Bxe3 22. Rxe3 Nd4+ 23. Nxd4 exd4 24. Rg3 dxc3 25.
Rxg7 cxb2+ 26. Kxb2 Rc4 27. Rf1 Rf8 28. Rxh7 Rxe4 29. Rf2 Re6 30. h5 Rf6 31. Re2+ Re6 32. Rh2 1/2-1/2

[Event "*** SCC Grand Prix: Titled Tuesday Blitz"]
[Site "Chess.com"]
[Date "2020.07.14"]
[Round "3"]
[White "fish7728"]
[Black "Falia-p"]
[Result "0-1"]
[WhiteElo "2171"]
[BlackElo "2411"]
[TimeControl "180+1"]
[EndTime "10:26:09 PDT"]
[Termination "Falia-p won by resignation"]

1. d4 Nf6 2. c4 e6 3. Nc3 Bb4 4.
f3 O-O 5. a3 Be7 6. e4 d5 7. e5 Ne8 8. f4 f5 9. Nf3 b6 10. cxd5 exd5 11. Bd3 Be6 12. O-O c5 13. Be3 Nc6 14. Rb1 g6 15. dxc5 bxc5 16. Bb5 Rc8 17.
Bxc6 Rxc6 18. Ne2 d4 19. Bd2 Nc7 20. Ba5 Qd5 21. Bxc7 Rxc7 22. Qa4 Qc4 23. Qxc4 Bxc4 24. Rfe1 Rb8 25. Nd2 Bd3 26. Rbc1 Rxb2 27. Red1 Bxe2 0-1

[Event "*** SCC Grand Prix: Titled Tuesday Blitz"]
[Site "Chess.com"]
[Date "2020.07.14"]
[Round "3"]
[White "Ermito2020"]
[Black "Godzillator"]
[Result "1-0"]
[WhiteElo "2511"]
[BlackElo "2313"]
[TimeControl "180+1"]
[EndTime "10:26:11 PDT"]
[Termination "Ermito2020 won by resignation"]

1. e4 c6 2. d4 d5 3. e5 Bf5 4.
Nf3 e6 5. Be2 c5 6. Be3 cxd4 7.
Nxd4 Ne7 8. O-O Nbc6 9. Bb5 a6 10. Bxc6+ bxc6 11. c4 Bg6 12. Nc3 c5 13. Qa4+ Qd7 14.
Qxd7+ Kxd7 15. Nb3 Nc6 16. cxd5 Nxe5 17. Bxc5 exd5 18.
Bxf8 Rhxf8 19. Nxd5 Kd6 20. Rad1 Rad8 21. f4 Nd3 22. f5 Nxb2 23. Rd2 Nc4 24. Rd4 Bh5 25.
Nf4+ Ke5 26. Rxc4 1-0

[Event "*** SCC Grand Prix: Titled Tuesday Blitz"]
[Site "Chess.com"]
[Date "2020.07.14"]
[Round "3"]
[White "DivyaDeshmukh23"]
[Black "AsselLesbekova"]
[Result "0-1"]
[WhiteElo "2482"]
[BlackElo "2331"]
[TimeControl "180+1"]
[EndTime "10:26:11 PDT"]
[Termination "AsselLesbekova won on time"]

1. e4 c5 2. Nf3 Nc6 3. d4 cxd4 4. Nxd4 e5 5. Nb5 d6 6. N1c3 a6 7. Na3 b5 8. Nd5 Nce7 9. Be3 Nxd5 10. exd5 f5 11.
f4 e4 12. c3 Nf6 13. Nc2 Be7 14. Be2 O-O 15. O-O Bb7 16. Nd4 Qd7 17. c4 bxc4 18.
Bxc4 Kh8 19. Qb3 Rab8 20. Qd1 Nxd5 0-1

[Event "*** SCC Grand Prix: Titled Tuesday Blitz"]
[Site "Chess.com"]
[Date "2020.07.14"]
[Round "3"]
[White "FairChess_on_YouTube"]
[Black "1977Ivan"]
[Result "1-0"]
[WhiteElo "2994"]
[BlackElo "2678"]
[TimeControl "180+1"]
[EndTime "10:26:21 PDT"]
[Termination "FairChess_on_YouTube won by resignation"]

1. e4 d6 2. d4 Nf6 3. Nc3 Nc6 4. Bg5 g6 5. f3 Bg7 6. Qd2 h6 7. Be3 a6 8. Bd3 b5 9. Nge2 e5 10. d5 Ne7 11. O-O Bb7 12. a4 b4 13. Na2 a5 14. c3 bxc3 15. bxc3 Nd7 16. Rab1 Bc8 17. Bb5 Kf8 18. c4 Kg8 19. Nac1 f5 20. Nd3 f4 21. Bf2 g5 22. c5 h5 23. Rfc1 Rh6 24. cxd6 cxd6 25.
Bc6 Rb8 26. Rb5 Ba6 27. Bxd7 1-0